 Dungeon Crawl Stone Soup version 0.25-a0-1073-gf4359a17dd (webtiles) character file.

Game seed: 13222255562430124859, levelgen mode: deterministic

153 Esekla the Magician (level 5, -2/33 HPs)
             Began as an Octopode Wizard on May 14, 2020.
             Was a Follower of the Shining One.
             Slain by Pikel
             ... wielding a +2 whip of freezing
              (3 damage)
             ... on level 5 of the Dungeon.
             The game lasted 00:16:23 (2251 turns).

Esekla the Magician (Octopode Wizard)               Turns: 2251, Time: 00:16:25

Health: -2/33      AC:  1    Str:  7    XL:     5   Next: 35%
Magic:  6/11       EV: 13    Int: 20    God:    the Shining One [*.....]
Gold:   62         SH:  5    Dex: 11    Spells: 3/12 levels left

rFire    . . .     SeeInvis .   e - +1 dagger (holy)
rCold    . . .     Gourm    .   (no shield)
rNeg     . . .     Faith    .   a - +0 hat
rPois    .         Spirit   .   g - amulet of reflection
rElec    .         Reflect  +   f - ring of stealth
rCorr    .         Harm     .   (no ring)
MR       .....                  (no ring)
Stlth    ++........             (no ring)
HPRegen  0.11/turn              (no ring)
MPRegen  0.12/turn              (no ring)
                                (no ring)
                                (no ring)

@: very slightly contaminated, glowing
A: almost no armour, stealthy swim, amphibious, 8 rings, constrict 8, camouflage
1, gelatinous body 1
a: Renounce Religion


You were on level 5 of the Dungeon.
You worshipped the Shining One.
The Shining One was aware of your devotion.
You were not hungry.

You visited 1 branch of the dungeon, and saw 5 of its levels.

You collected 62 gold pieces.

Inventory:

Hand Weapons
 e - a +1 dagger of holy wrath (weapon)
Armour
 a - a +0 hat (worn)
Jewellery
 f - a ring of stealth (left tentacle)
 g - an amulet of reflection (around mantle)
 l - an uncursed amulet of guardian spirit
Wands
 h - a wand of paralysis (5)
 m - a wand of iceblast (28)
Scrolls
 b - 4 scrolls of remove curse {unknown}
 d - a scroll of fog {unknown}
 i - a scroll of identify {unknown}
Potions
 j - a potion of stabbing {unknown}
 k - 2 potions of curing {unknown}
 n - 4 potions of flight {unknown}
Comestibles
 c - 3 rations


   Skills:
 * Level 1.0 Fighting
 + Level 0.6 Short Blades
 * Level 2.5 Dodging
 - Level 2.6 Stealth
 * Level 4.4 Spellcasting
 + Level 1.2 Conjurations
   Level 1.0 Summonings
 * Level 1.5 Translocations
 * Level 1.0 Air Magic
 * Level 1.1 Poison Magic


You had 3 spell levels left.
You knew the following spells:

 Your Spells              Type           Power        Failure   Level  Hunger
a - Magic Dart            Conj           #...         8%          1    None
b - Blink                 Tloc           N/A          10%         2    #......
c - Mephitic Cloud        Conj/Pois/Air  #.......     22%         3    ###....
f - Conjure Flame         Conj/Fire      #.......     28%         3    ###....

Your spell library contained the following spells:

 Spells                   Type           Power        Failure   Level  Hunger
 Call Imp                 Summ           #.......     12%         2    #......
 Slow                     Hex            #.......     19%         2    #......


Dungeon Overview and Level Annotations

Branches:
Dungeon (5/15)
 Temple: D:4-7

Altars:
The Shining One

Annotations:
D:3 Sigmund
D:5 Pikel


Innate Abilities, Weirdness & Mutations

You cannot wear most types of armour.
You are very stealthy in the water. (Stealth+)
You are amphibious.
You can wear up to eight rings at the same time.
You can use your tentacles to constrict eight enemies at once.
Your skin changes colour to match your surroundings (Stealth+).
Your rubbery body absorbs attacks. (AC +1, EV +1)


Message History

Press: ? - help, Shift-Dir - straight line, f/p - Pikel
Aim: Pikel, wielding a +2 whip of freezing and wearing a +0 robe (moderately wounded, constricted by you, haloed)
You miscast Magic Dart.
You are very lightly contaminated with residual magic.
Nothing appears to happen.
You constrict Pikel.
Pikel hits you with a +2 whip of freezing.
Pikel freezes you.
* * * LOW HITPOINT WARNING * * *
Casting: Magic Dart (safe; 8% risk of failure)
Confirm with . or Enter, or press ? or * to list all spells.
Aiming: Magic Dart (safe; 8% risk of failure)
Press: ? - help, Shift-Dir - straight line, f/p - Pikel
Aim: Pikel, wielding a +2 whip of freezing and wearing a +0 robe (moderately wounded, constricted by you, haloed)
The magic dart hits Pikel but does no damage.
Pikel is moderately wounded.
You constrict Pikel, but do no damage.
Pikel hits you with a +2 whip of freezing!
* * * LOW HITPOINT WARNING * * *
Pikel freezes you.
You die...

#########
o.......#
########### #.#
#.........# # #.#
#.#######.# ...
#.# #.# #.#
.....#p#########.#
#.#
#<.Z.po.po......#
#.#
##..l.###K#######
#.# ........ #@#
#.# ###....# #.#
###########.##
##.#.# #.#
#............#
#.#.. #<#
#.#########...
....# #)# #.# ##.#
## ## #.# #.# #.#
#.# #.# #.# #.#
#.# #.# #.# #.#
#.#


You could see Pikel, a slave and an orc.

Vanquished Creatures
  A phantom (D:5)
  Ijyb (D:5)
  A leopard gecko (D:4)
  An orc (D:5)
  5 bats
  3 giant cockroaches
  5 goblins
  4 hobgoblins
  4 jackals
  A kobold (D:1)
  A quokka (D:4)
  2 frilled lizards (D:1)
  7 rats
36 creatures vanquished.

Notes
Turn   | Place    | Note
-------+----------+-------------------------------------------
     0 | D:1      | Esekla the Octopode Wizard began the quest for the Orb.
     0 | D:1      | Reached XP level 1. HP: 11/11 MP: 4/4
   196 | D:1      | Reached XP level 2. HP: 17/17 MP: 0/6
   200 | D:1      | Learned a level 2 spell: Blink
   811 | D:2      | Reached XP level 3. HP: 21/21 MP: 8/8
   831 | D:2      | Learned a level 3 spell: Mephitic Cloud
   835 | D:2      | Learned a level 3 spell: Conjure Flame
   991 | D:2      | Found a faded altar of an unknown god.
  1030 | D:2      | Became a worshipper of the Shining One
  1030 | D:2      | Reached * piety under the Shining One
  1155 | D:3      | Noticed Sigmund
  1630 | D:4      | Found a glowing golden altar of the Shining One.
  1637 | D:5      | Entered Level 5 of the Dungeon
  1739 | D:5      | Noticed Ijyb
  1762 | D:5      | Killed Ijyb
  1762 | D:5      | Reached skill level 4 in Spellcasting
  1762 | D:5      | Reached XP level 4. HP: 21/27 MP: 2/10
  1833 | D:5      | Noticed a phantom
  1860 | D:5      | HP: 1/27 [phantom (1)]
  1869 | D:5      | HP: 1/27 [phantom (1)]
  1896 | D:5      | Killed a phantom
  1896 | D:5      | Reached skill level 1 in Fighting
  1896 | D:5      | Reached skill level 1 in Air Magic
  1896 | D:5      | Reached skill level 1 in Poison Magic
  1896 | D:5      | Reached XP level 5. HP: 4/33 MP: 1/11
  2230 | D:5      | Noticed a slave
  2230 | D:5      | Noticed a slave
  2231 | D:5      | Noticed Pikel
  2237 | D:5      | Noticed a slave
  2238 | D:5      | Noticed a slave
  2251 | D:5      | HP: 1/33 [Pikel/+2 whip of freezing (7)]
  2251 | D:5      | Slain by Pikel

Illustrated notes

Levels and vault maps discovered:
D:1:      evilmike_arrival_home_sweet_home, layout_loops_ring
D:2:      layout_loops_ring, chequers_ecumenical_altar_simple,
          grunt_ministairs_14
D:3:      layout_basic, eat_drink_and_be_merry_uskayaw, wad_woods_river_04,
          lemuel_another_geyser, uniq_robin, uniq_sigmund
D:4:      layout_basic, tso_oasis_becter, serial_shops, shop_fountains,
          first_ration, hex_medium, uniq_eustachio, uniq_blork_the_orc,
          uniq_menkaure
D:5:      layout_loops_ring, chequers_temple_overflow_minitemple, uniq_ijyb,
          uniq_pikel

Skill      XL: |  1  2  3  4 |
---------------+-------------+-----
Spellcasting   | 4 |  4.4
Fighting       | 1 |  1.0
Air Magic      | 1 |  1.0
Poison Magic   | 1 |  1.1
Short Blades   | |  0.6
Dodging        | |  2.5
Stealth        | |  2.6
Conjurations   | |  1.2
Summonings     | |  1.0
Translocations | |  1.5

Action                   |  1- 3 |  4- 6 || total
-------------------------+-------+-------++-------
Melee: Hand axe          |     9 |       ||     9
       Constrict         |    22 |     1 ||    23
       Tentacles         |     9 |     2 ||    11
       Dagger            |    63 |    16 ||    79
 Cast: Magic Dart        |    38 |    14 ||    52
       Mephitic Cloud    |     1 |       ||     1
 Stab: Sleeping          |     4 |       ||     4
  Eat: Chunk             |     2 |       ||     2
       Ration            |       |     1 ||     1
Armor: Skin              |     7 |       ||     7
Dodge: Dodged            |    59 |     6 ||    65
Block: Other             |     8 |     2 ||    10

Table legend:
 A = Non-vault XP
 B = Vault XP
 C = Vault XP percentage of total XP
 D = Non-vault monster count
 E = Vault monster count
 F = Vault count percentage of total count
                 A         B        C        D         E       F
            +---------+---------+-------+---------+---------+-------
      Total |     183 |      36 |  16.4 |      35 |       1 |   2.8
            +---------+---------+-------+---------+---------+-------
        D:1 |      30 |       0 |   0.0 |      18 |       0 |   0.0
        D:2 |      15 |       0 |   0.0 |      10 |       0 |   0.0
        D:3 |       3 |       0 |   0.0 |       2 |       0 |   0.0
        D:4 |       7 |       0 |   0.0 |       3 |       0 |   0.0
        D:5 |     128 |      36 |  22.0 |       2 |       1 |  33.3
            +---------+---------+-------+---------+---------+-------
